 Dungeon Crawl Stone Soup version 0.27-a0-445-gbe96e517c0 (webtiles) character file.

Game seed: 3103717041007407405

148 Gaff the Sneak (level 5, -2/32 HPs)
             Began as a Kobold Brigand on Feb 27, 2021.
             Killed by divine providence
             ... invoked by an orc priest
              (12 damage)
             ... on level 3 of the Dungeon.
             The game lasted 00:05:19 (3912 turns).

Gaff the Sneak (Kobold Brigand)                     Turns: 3912, Time: 00:05:20

Health: -2/32      AC:  3    Str:  9    XL:     5   Next: 56%
Magic:  5/5        EV: 16    Int: 12    God:
Gold:   178        SH:  0    Dex: 17    Spells: 4/4 levels left

rFire    . . .     SeeInvis .   n - +2 dagger (venom)
rCold    . . .     Faith    .   (shield restricted)
rNeg     . . .     Spirit   .   b - +0 robe
rPois    .         Reflect  .   (no helmet)
rElec    .         Harm     .   c - +0 cloak
rCorr    .         Rampage  .   (no gloves)
Will     .....                  (no boots)
Stlth    ++++......             (no amulet)
HPRegen  0.10/turn              (no ring)
MPRegen  0.09/turn              (no ring)

@: no status effects
A: small, nightstalker 3
a: no special abilities


You were on level 3 of the Dungeon.
You visited 1 branch of the dungeon, and saw 3 of its levels.

You collected 178 gold pieces.

Inventory:

Hand Weapons
 a - a +2 dagger
 n - a +2 dagger of venom (weapon)
 r - a +0 falchion
 s - a +0 short sword
Missiles
 d - 8 poisoned darts (quivered)
 e - 2 curare-tipped darts
 f - 10 stones
Armour
 b - a +0 robe (worn)
 c - a +0 cloak (worn)
 j - a +0 ring mail
 q - a +0 leather armour
Scrolls
 l - a scroll of fog {unknown}
 o - 2 scrolls of identify {unknown}
 t - a scroll of noise {unknown}
Potions
 g - 2 potions of heal wounds {unknown}
 h - a potion of berserk rage {unknown}
 i - a potion of brilliance {unknown}
 k - a potion of flight {unknown}
 m - a potion of curing {unknown}
 p - a potion of haste {unknown}


   Skills:
 + Level 3.2 Fighting
 + Level 4.0 Short Blades
 + Level 2.4 Throwing
 * Level 3.7 Dodging
 - Level 6.0 Stealth


You had 4 spell levels left.
You didn't know any spells.
Your spell library was empty.

Dungeon Overview and Level Annotations

Branches:
Dungeon (3/15)

Altars:
Ashenzari
The Shining One


Innate Abilities, Weirdness & Mutations

You are small and have problems with some larger weapons.
You are completely attuned to the shadows.


Message History

You hit the adder but do no damage.
The adder looks as sick as possible!
The adder is heavily wounded.
The adder misses you.
You hit the adder.
You kill the adder!
You closely miss the orc. The orc closely misses you.
You hit the orc.
The orc is poisoned.
The orc is heavily wounded.
You completely miss the orc.
The orc is heavily wounded.
The orc hits you with a +0 flail.
You closely miss the orc.
The orc is severely wounded.
A kobold comes into view. It is wielding a +0 short sword.
The kobold shouts!
You hear a shout!
The orc priest hits you with a +0 mace. The orc closely misses you.
Things that are here:
a +0 hand axe; a +0 leather armour You hit the orc priest but do no damage.
The orc priest is poisoned.
The orc priest completely misses you.
You hit the orc priest.
The orc priest looks as sick as possible!
The orc priest is moderately wounded.
The orc hits you with a +0 flail.
You hit the orc priest.
The orc priest looks as sick as possible!
The orc priest is moderately wounded.
The orc priest misses you. The orc closely misses you.
You hit the orc priest but do no damage.
The orc priest is moderately wounded.
The orc priest hits you with a +0 mace!
The kobold hits you with a +0 short sword.
* * * LOW HITPOINT WARNING * * *
You hit the orc priest.
The orc priest looks as sick as possible!
The orc priest is heavily wounded.
You kill the orc!
The orc priest invokes the aid of Beogh against you.
Beogh smites you!
You die...

##......... #..†......
. #.........
#.####......... ....
#...†####...... ....
#......#.#.. ....
######..###.#.##.
....##................
...oK@..####..........
..###)..####..........
#.................
#........†........
##....####.##.....
##.#.. #...#.#..
###.#...# .###.##...
..........


You could see an orc priest (extremely poisoned) and a kobold.

Vanquished Creatures
  An iguana (D:3)
  2 adders (D:3)
  An ooze (D:2)
  3 worms
  2 dart slugs
  2 leopard geckos
  5 orcs
  6 bats
  3 giant cockroaches
  14 goblins
  8 hobgoblins
  6 jackals (D:2)
  3 frilled lizards
  6 kobolds
  10 rats
72 creatures vanquished.

Notes
Turn   | Place    | Note
-------+----------+-------------------------------------------
     0 | D:1      | Gaff the Kobold Brigand began the quest for the Orb.
     0 | D:1      | Reached XP level 1. HP: 12/12 MP: 1/1
   333 | D:1      | Reached XP level 2. HP: 17/17 MP: 2/2
   823 | D:1      | Reached skill level 6 in Stealth
  1049 | D:1      | Reached XP level 3. HP: 22/22 MP: 3/3
  2287 | D:2      | Found a broken altar of Ashenzari.
  2555 | D:2      | Reached XP level 4. HP: 27/27 MP: 4/4
  2777 | D:2      | Found a glowing golden altar of the Shining One.
  3721 | D:3      | Reached XP level 5. HP: 21/32 MP: 5/5
  3912 | D:3      | Killed from afar by an orc priest

Illustrated notes

Levels and vault maps discovered:
D:1:      dpeg_arrival_simpleton_a, layout_loops_ring, serial_co_window_serial,
          co_window_paths_b, co_window_paths_a, co_window_paths_a,
          co_window_paths_a, co_window_of_opportunity_a, co_window_broadway_b,
          co_window_unsneaky_path_a, co_window_of_opportunity_b,
          co_window_broadway_b, co_window_of_opportunity_b, co_window_4corner_b,
          co_window_paths_d, glass_columns_a, glass_columns_a
D:2:      cheibrodos_greedy_goblins, layout_loops_ring, tso_oasis_becter,
          lemuel_round_altar
D:3:      minmay_evil_eye, layout_rooms

Skill      XL: |  1  2  3  4  5 |
---------------+----------------+-----
Stealth        | 6 |  6.0
Dodging        | 2 3 |  3.7
Short Blades   | 3 4 |  4.0
Fighting       | 3 |  3.2
Throwing       | |  2.4

Action                   |  1- 3 |  4- 6 || total
-------------------------+-------+-------++-------
Melee: Dagger            |    92 |   102 ||   194
 Stab: Sleeping          |    22 |     6 ||    28
Armor: Robe              |    12 |     9 ||    21
Dodge: Dodged            |    48 |    68 ||   116

Table legend: (Time is in decaauts)
 A = Elapsed time spent in this place.
 B = Non-inter-level travel time spent in this place.
 C = Inter-level travel time spent in this place.
 D = Time resting spent in this place.
 E = Time spent auto-exploring this place.
 F = Levels seen in this place.
 G = Mean time per level.
                   A        B        C        D        E       F      G
               +--------+--------+--------+--------+--------+-----+--------+
         Total |   3883 |   3831 |     52 |   1234 |   2110 |   3 | 1294.3 |
       Dungeon |   3883 |   3831 |     52 |   1234 |   2110 |   3 | 1294.3 |
               +--------+--------+--------+--------+--------+-----+--------+

Top non-repeatable levels by time:
     D:2: 1992 daAuts
     D:1: 1664 daAuts
     D:3: 226 daAuts
